 Dungeon Crawl Stone Soup version 0.29.1-2-gbd0b4ee654 (webtiles) character file.

Game seed: 2203084917394561145

48 experimilk the Conjurer (level 3, -3/26 HPs)
             Began as a Draconian Conjurer on Oct 30, 2022.
             Slain by a gnoll
             ... wielding a +0 flail
              (8 damage)
             ... on level 1 of the Dungeon on Oct 31, 2022.
             The game lasted 00:05:06 (2514 turns).

experimilk the Conjurer (Draconian Conjurer)        Turns: 2514, Time: 00:05:06

Health: -3/26      AC:  5    Str:  9    XL:     3   Next: 50%
Magic:  6/6        EV: 12    Int: 20    God:
Gold:   62         SH:  0    Dex:  9    Spells: 0/6 levels left

rFire   . . .      SeeInvis .   g - +0 broad axe
rCold   . . .      Faith    .   (no shield)
rNeg    . . .      Spirit   .   (body armour unavailable)
rPois   .          Reflect  .   (helmet restricted)
rElec   .          Harm     .   (no cloak)
rCorr   .          Rampage  .   (no gloves)
Will    .....                   (no boots)
Stlth   ++........              (no amulet)
HPRegen 0.08/turn               (no ring)
MPRegen 0.10/turn               (no ring)

@: no status effects
A: AC +5, unfitting armour, cold-blooded
a: no special abilities


You were on level 1 of the Dungeon.
You visited 1 branch of the dungeon, and saw 2 of its levels.

You collected 62 gold pieces.

Inventory:

Hand Weapons
 d - a +0 short sword
 g - a +0 broad axe (weapon)
Scrolls
 e - a scroll of noise {unknown}
 f - a scroll of enchant armour {unknown}
 h - 2 scrolls of identify {unknown}
 i - a scroll of vulnerability {unknown}
 j - a scroll of amnesia {unknown}
 l - a scroll of fear {unknown}
 m - a scroll of teleportation {unknown}
Potions
 b - a potion of degeneration {unknown}
 c - a potion of heal wounds {unknown}
 k - a potion of might {unknown}


   Skills:
 - Level 1.7 Dodging
 - Level 1.7 Stealth
 - Level 2.0 Spellcasting
 * Level 5.3 Conjurations


You couldn't memorise any spells.
You knew the following spells:

 Your Spells              Type           Power      Damage    Failure   Level
a - Magic Dart            Conj           92%        1d7       1%          1
x - Dazzling Flash        Conj/Hex       24%        N/A       16%         3
z - Searing Ray           Conj           46%        2d6       2%          2

Your spell library contained the following spells:

 Spells                   Type           Power      Damage    Failure   Level
 Ensorcelled Hibernation  Hex/Ice        4%         N/A       24%         2
 Passwall                 Tmut/Erth      1%         N/A       24%         2
 Sublimation of Blood     Necr           2%         N/A       24%         2
 Swiftness                Air            2%         N/A       43%         3
 Fulminant Prism          Conj/Hex       6%         3d7       45%         4
 Iskenderun's Mystic Bla  Conj/Tloc      12%        2d5       45%         4
 Irradiate                Conj/Tmut      6%         3d13      82%         5
 Petrify                  Tmut/Erth      2%         N/A       83%         4


Dungeon Overview and Level Annotations

Branches:
Dungeon (2/15)

Altars:


Innate Abilities, Weirdness & Mutations

Your plain brown scales are hard. (AC +5)
You cannot fit into any form of body armour.
You are cold-blooded and may be slowed by cold attacks.


Message History

The magic dart hits the gnoll but does no damage.
The gnoll is moderately wounded.
The magic dart hits the gnoll.
The gnoll is heavily wounded.
Casting: Magic Dart (safe; 1% risk of failure)
Confirm with . or Enter, or press ? or * to list all spells.
Aiming: Searing Ray (safe; 2% risk of failure)
Press: ? - help, Shift-Dir - straight line, f/p - gnoll
Aim: a gnoll, wielding a +0 flail (heavily wounded, 81% to hit)
The searing ray misses the gnoll. (Press . to maintain the ray.)
The gnoll shouts!
The searing ray hits the gnoll.
The gnoll is almost dead.
Without enough magic to sustain it, your searing ray dissipates.
The gnoll hits you with a +0 flail.
You barely miss the gnoll.
The gnoll is almost dead.
The gnoll hits you with a +0 flail.
You closely miss the gnoll.
The gnoll shouts!
You tail-slap the gnoll, but do no damage.
The gnoll is almost dead.
The gnoll closely misses you. The gnoll barely misses you.
The gnoll completely misses you. The gnoll attacks as you move away!
The gnoll barely misses you. The gnoll attacks as you move away!
The gnoll hits you with a +0 whip! The gnoll attacks as you move away!
The gnoll closely misses you. The gnoll attacks as you move away!
The gnoll hits you but does no damage. The gnoll hits you but does no damage.
There is a stone staircase leading up here.
The gnoll hits you with a +0 flail. The gnoll hits you with a +0 whip.
* * * LOW HITPOINT WARNING * * *
You climb upwards.
There is a stone staircase leading down, spattered with blood here.
Unknown command.
Magic courses through your body. The gnoll hits you with a +0 whip.
* * * LOW HITPOINT WARNING * * *
The gnoll hits you with a +0 flail!
You die...

####################
#..................#
##.###############.# #.#
#....# #.### #.# #.##.#
#.#.# #.#
#.##g######.#.######
#.#####.#@g...............
#.......#...#####...######
#########.......#.#.....##
#..####.#.#.#.....
#..##.....#.#.##.#
#..##.#..##.#.##.#
#..##.##....#.##.#
#..##.#####.#.##.#
##########..##.# #.......


You could see 2 gnolls.

Vanquished Creatures
  A gnoll (D:1)
  A worm (D:2)
  5 ball pythons
  3 endoplasms (D:1)
  5 giant cockroaches
  A goblin (D:2)
  3 hobgoblins
  A kobold (D:1)
  A quokka (D:1)
  2 bats (D:2)
  A frilled lizard (D:2)
  9 rats
33 creatures vanquished.

Notes
Turn   | Place    | Note
-------+----------+-------------------------------------------
     0 | D:1      | experimilk the Draconian Conjurer began the quest for the
                  | Orb.
     0 | D:1      | Reached XP level 1. HP: 14/14 MP: 3/3
   703 | D:1      | Reached XP level 2. HP: 20/20 MP: 1/5
   807 | D:1      | Learned a level 2 spell: Searing Ray
  1004 | D:1      | You fall into a shaft and drop 1 floor!
  1583 | D:1      | Reached skill level 5 in Conjurations
  1583 | D:1      | Reached XP level 3. HP: 7/26 MP: 1/6
  1914 | D:1      | Learned a level 3 spell: Dazzling Flash
  2361 | D:2      | Identified the +4 hand axe "Jellyslayer" {freeze, rPois rC-
                  | rN++ Str-2}
  2514 | D:1      | Slain by a gnoll

Illustrated notes

Levels and vault maps discovered:
D:1:      dpeg_arrival_more_subterranean_lakeside_camping, layout_basic
D:2:      layout_rooms, minmay_misc_feat_chi

Skill      XL: |  1  2 |
---------------+-------+-----
Conjurations   | 5 |  5.3
Dodging        | |  1.7
Stealth        | |  1.7
Spellcasting   | |  2.0

Action                   || total
-------------------------++-------
Melee: Unarmed           ||    14
       Short sword       ||    20
       Tailslap          ||     4
       Broad axe         ||     5
 Cast: Magic Dart        ||    60
       Searing Ray       ||     5
  Use: Potion            ||     1
Armor: Skin              ||    15
Dodge: Dodged            ||    33
